 Dungeon Crawl Stone Soup version 0.26-a0-950-g52035dc9a5 (webtiles) character file.

Game seed: 91199917486304620

496717 Peloso the Minotaur Barricade (level 23, -16/229 HPs)
             Began as a Minotaur Fighter on Nov 29, 2020.
             Was the Champion of Okawaru.
             Killed from afar by a deep elf sorcerer (50 damage)
             ... with a bolt of acid
             ... led by an ironheart preserver
             ... on level 4 of the Vaults.
             The game lasted 03:24:02 (62123 turns).

Peloso the Minotaur Barricade (Minotaur Fighter)   Turns: 62123, Time: 03:24:02

Health: -16/229    AC: 44    Str: 27    XL:     23   Next: 97%
Magic:  23/23      EV:  8    Int:  5    God:    Okawaru [******]
Gold:   3172       SH: 35    Dex: 17    Spells: 22/22 levels left

rFire    + . .     SeeInvis +   b - +8 double sword (holy)
rCold    . . .     Faith    .   c - +2 tower shield {AC+3}
rNeg     + + .     Spirit   .   k - +10 gold dragon scales
rPois    +         Reflect  +   R - +0 mask of the Dragon {MR+ Slay+3 SInv}
rElec    .         Harm     .   t - +2 cloak {MR+}
rCorr    .         Rampage  +   X - +0 pair of gloves {archery}
MR       +++..                  P - +1 pair of boots {rampage}
Stlth    ..........             D - amulet of reflection
HPRegen  0.48/turn              S - +4 ring of slaying
MPRegen  0.18/turn              M - ring of the Past {Wiz rC- rN++ Dex+3 SInv}

@: constricted
A: retaliatory headbutt, horns 2
}: 2/15 runes: decaying, serpentine
a: Heroism, Finesse, Renounce Religion


You were on level 4 of the Vaults.
You worshipped Okawaru.
Okawaru was exalted by your worship.
You visited 9 branches of the dungeon, and saw 43 of its levels.
You also visited: Ice Cave and Volcano.

You collected 6838 gold pieces.
You spent 3666 gold pieces at shops.

Inventory:

Hand Weapons
 a - the +8 double sword of Karma {vamp, Str+6}
   (Okawaru gifted it to you on level 4 of the Snake Pit)

   It inflicts no extra harm, but heals its wielder when it wounds a living foe.
   It affects your strength (+6).
 b - a +8 double sword of holy wrath (weapon)
Armour
 c - a +2 tower shield of protection (worn)
 k - +10 gold dragon scales (worn)
 t - a +2 cloak of magic resistance (worn)
 P - a +1 pair of boots of rampaging (worn)
 R - the +0 mask of the Dragon (worn) {MR+ Slay+3 SInv}
   (You found it on level 4 of the Swamp)

   It affects your accuracy and damage with ranged weapons and melee attacks
   (+3).
   It affects your resistance to hostile enchantments.
   It lets you see invisible.
 V - a +0 kite shield of reflection
 X - a +0 pair of gloves of archery (worn)
Jewellery
 i - an uncursed ring of positive energy
 j - an uncursed ring of protection from magic
 z - the ring "Ypliuc" {rF+ rC+ MP+9 Str+2}
   (You found it on level 6 of the Lair of Beasts)

   [ring of magical power]

   It affects your strength (+2).
   It protects you from fire.
   It protects you from cold.
   It affects your magic capacity (+9).
 D - an amulet of reflection (around neck)
 G - an uncursed ring of resist corrosion
 H - the ring "Wuowitaz" {rElec rN+ EV+4}
   (You took it off a deep elf mage on level 3 of the Elven Halls)

   [ring of evasion]

   It affects your evasion (+4).
   It insulates you from electricity.
   It protects you from negative energy.
 M - the ring of the Past (right hand) {Wiz rC- rN++ Dex+3 SInv}
   (You took it off a deep elf demonologist on level 3 of the Elven Halls)

   [ring of wizardry]

   It improves your spell success rate.
   It affects your dexterity (+3).
   It makes you vulnerable to cold.
   It greatly protects you from negative energy.
   It lets you see invisible.
 S - a +4 ring of slaying (left hand)
Wands
 g - a wand of iceblast (8)
 l - a wand of digging (1)
 m - a wand of acid (13)
Scrolls
 f - 4 scrolls of identify
 o - 9 scrolls of magic mapping
 w - 7 scrolls of fear
 A - 14 scrolls of teleportation
 C - 18 scrolls of remove curse
 E - 4 scrolls of noise
 I - 2 scrolls of acquirement
 O - 8 scrolls of immolation
 W - 8 scrolls of blinking
Potions
 d - 7 potions of might
 e - 12 potions of flight
 h - a potion of heal wounds
 n - 4 potions of berserk rage
 r - 22 potions of curing
 x - 7 potions of haste
 N - 7 potions of resistance
 T - 2 potions of mutation


   Skills:
 + Level 23.9 Fighting
 + Level 24.1 Long Blades
 + Level 19.4 Armour
 + Level 8.0 Dodging
 + Level 3.0 Stealth
 O Level 27 Shields
 + Level 2.2 Invocations
 + Level 1.3 Evocations


You had 22 spell levels left.
You didn't know any spells.
Your spell library contained the following spells:

 Spells                   Type           Power        Failure   Level
 Animate Skeleton         Necr           #.....       94%         1
 Apportation              Tloc           #.....       94%         1
 Corona                   Hex            #......      94%         1
 Foxfire                  Conj/Fire      #...         94%         1
 Freeze                   Ice            #...         94%         1
 Magic Dart               Conj           #...         94%         1
 Pain                     Necr           #...         94%         1
 Sandblast                Erth           #.....       94%         1
 Sting                    Tmut/Pois      #...         94%         1
 Summon Small Mammal      Summ           #...         94%         1
 Blink                    Tloc           N/A          98%         2
 Call Imp                 Summ           #.......     98%         2
 Ensorcelled Hibernation  Hex/Ice        #.....       98%         2
 Passwall                 Tmut/Erth      #.......     98%         2
 Poisonous Vapours        Pois/Air       #.....       98%         2
 Searing Ray              Conj           #.....       98%         2
 Slow                     Hex            #.......     98%         2
 Swiftness                Air            #.......     98%         2
 Call Canine Familiar     Summ           #.......     100%        3
 Confusing Touch          Hex            #.......     100%        3
 Conjure Flame            Conj/Fire      #.......     100%        3
 Dazzling Flash           Conj/Hex       #.....       100%        3
 Frozen Ramparts          Ice            #.....       100%        3
 Gell's Gravitas          Tloc           #.........   100%        3
 Inner Flame              Hex/Fire       #.......     100%        3
 Lesser Beckoning         Tloc           #.........   100%        3
 Mephitic Cloud           Conj/Pois/Air  #.......     100%        3
 Ozocubu's Armour         Ice            #.......     100%        3
 Stone Arrow              Conj/Erth      #.....       100%        3
 Summon Guardian Golem    Hex/Summ       #.......     100%        3
 Teleport Other           Tloc           #.......     100%        3
 Tukima's Dance           Hex            #.......     100%        3
 Vampiric Draining        Necr           #.........   100%        3
 Animate Dead             Necr           #.........   100%        4
 Fulminant Prism          Conj/Hex       #.........   100%        4
 Hailstorm                Conj/Ice       #.......     100%        4
 Iskenderun's Mystic Bla  Conj/Tloc      #.......     100%        4
 Leda's Liquefaction      Hex/Erth       #.........   100%        4
 Passage of Golubria      Tloc           N/A          100%        4
 Sticky Flame             Conj/Fire      #.......     100%        4
 Summon Ice Beast         Ice/Summ       #.......     100%        4
 Summon Lightning Spire   Summ/Air       #.......     100%        4
 Agony                    Necr           #.......     100%        5
 Bolt of Magma            Conj/Fire/Erth #.........   100%        5
 Borgnjor's Vile Clutch   Necr/Erth      #.........   100%        5
 Fireball                 Conj/Fire      #.........   100%        5
 Lee's Rapid Deconstruct  Erth           #.........   100%        5
 Silence                  Hex/Air        #.........   100%        5
 Summon Forest            Summ/Tloc      #.........   100%        5
 Yara's Violent Unravell  Hex/Tmut       #.........   100%        5
 Death Channel            Necr           #.........   100%        6
 Freezing Cloud           Conj/Ice/Air   #.........   100%        6
 Invisibility             Hex            #.......     100%        6
 Iron Shot                Conj/Erth      #.........   100%        6
 Shadow Creatures         Summ           N/A          100%        6
 Simulacrum               Ice/Necr       #.........   100%        6
 Malign Gateway           Summ/Tloc      #.........   100%        7
 Chain Lightning          Conj/Air       #.........   100%        8
 Lehudib's Crystal Spear  Conj/Erth      #.........   100%        8
 Absolute Zero            Ice            #.........   100%        9
 Fire Storm               Conj/Fire      #.........   100%        9
 Tornado                  Air            #.........   100%        9


Dungeon Overview and Level Annotations

Branches:
Dungeon (15/15)            Temple (1/1) D:5            Lair (6/6) D:8
  Swamp (4/4) Lair:2        Snake (4/4) Lair:4        Slime (0/5) Lair:6
    Orc (2/2) D:9             Elf (3/3) Orc:2        Vaults (4/5) D:14
  Crypt (3/3) Vaults:3       Tomb (0/3) Crypt:3      Depths (0/5) D:15
  IceCv (visited)         Volcano (visited)

Altars:
Ashenzari
Cheibriados
Dithmenos
Elyvilon
Fedhas
Gozag
Hepliaklqana
Kikubaaqudgha
Makhleb
Nemelex Xobeh
Okawaru
Qazlal
Ru
Sif Muna
Trog
Uskayaw
Vehumet
Wu Jian
Xom
Yredelemnul
Zin
The Shining One
Jiyva

Shops:
D:4 :   D:9 [   D:10 :   D:13 ?   D:14 (   Orc:2 [(=*([*=   Elf:1 ?   Elf:2 =
Elf:3 [   Snake:3 *   Snake:4 [   Vaults:2 !

Annotations:
D:13 Casa
Orc:2 2 transporters, gouglew's ghost, journeyman GrFi
Elf:2 1 runed translucent door


Innate Abilities, Weirdness & Mutations

You reflexively headbutt those who attack you in melee.
You have a pair of horns on your head.


Message History

You block the tentacled monstrosity's attack. x2
The tentacled monstrosity tentacle-slaps you but does no damage.
The tentacled monstrosity constricts you.
You block the small abomination's attack.
You feel much better.
The deep elf sorcerer gestures at you while chanting.
The bolt of acid hits you but does no damage.
You are splashed with acid!
* * * LOW HITPOINT WARNING * * *
The tentacled monstrosity tentacle-slaps you but does no damage.
You block the tentacled monstrosity's attack.
The tentacled monstrosity tentacle-slaps you but does no damage.
The tentacled monstrosity constricts you.
The small abomination hits you!
* * * LOW HITPOINT WARNING * * *
You block the deep elf sorcerer's attack.
You feel much better.
The deep elf sorcerer points at you and mumbles some strange words.
The bolt of acid hits you!!!
You die...

#≈≈...≈≈#........# ##'##
#.......#........# #..#
#.......'...(<...# #...
#.......#..[[(...# ##..
#≈≈...≈≈#........# ###.
#≈≈...≈≈#........# #...
############'##############...
#..†[e...........####
#..x@[.#...##.##.#
#..(X##.##..#....####
#..#..#.......††.'...
#............)...'...
####################. ##..
#... #..# ####


You could see a tentacled monstrosity, a deep elf sorcerer (fast, empowered) and
a small abomination.

Vanquished Creatures
  An ancient lich (Crypt:3)
  Mara (Elf:3)
  Sojobo (Crypt:1)
  Bai Suzhen (Swamp:3)
  the Lernaean hydra (Swamp:4)
  Saint Roka (Orc:2)
  A curse toe (Crypt:3)
  Vashnia (Snake:3)
  Jory (Crypt:2)
  The ghost of Peloso the Hoplite, an adept MiFi of Okawaru (Swamp:4)
  A bone dragon (Crypt:3)
  A lich (Vaults:4)
  A tentacled monstrosity (Vaults:4)
  Jorgrun (Swamp:1)
  Rupert (Orc:1)
  An Ice Fiend (IceCv)
  2 deep elf blademasters
  A quicksilver dragon (Vaults:4)
  2 titans (Vaults:5)
  2 deep elf master archers (Elf:3)
  Frances (D:14)
  9 ancient champions
  Kirke (Swamp:3)
  A thorn hunter (Swamp:2)
  Donald (Swamp:3)
  2 storm dragons
  13 nagarajas
  3 tengu reavers
  2 frost giants
  2 orc warlords (Orc:2)
  A juggernaut zombie (Crypt:2)
  3 deep elf sorcerers (Elf:3)
  A fenstrider witch (Swamp:4)
  6 vault wardens
  7 ghouls
  4 curse skulls
  A reaper (Crypt:3)
  13 ironheart preservers
  A large abomination (Elf:3)
  3 deep elf elementalists (Elf:3)
  4 caustic shrike skeletons (Crypt:3)
  A very ugly thing (Vaults:4)
  4 vampire knights
  3 stone giants
  9 deep elf demonologists
  8 deep elf annihilators (Elf:3)
  Nessos (Lair:4)
  Azrael (D:11)
  2 bunyips
  9 eleionomae
  11 deep elf death magi
  Snorg (Lair:5)
  Josephine (Lair:4)
  4 fire dragons
  3 eidola
  9 jiangshi
  4 deep elf high priests
  7 naga warriors
  4 ice dragons
  A quicksilver dragon skeleton (Crypt:2)
  3 great orbs of eyes
  8 boulder beetles
  25 hydras
  10 centaur warriors
  A rakshasa (Vaults:3)
  25 vault guards
  10 yaktaur captains
  6 ogre magi
  2 ghost crabs
  4 catoblepae
  18 two-headed ogres
  6 death knights
  18 anacondas
  Erica (D:10)
  4 alligators
  A deep troll earth mage (Vaults:2)
  28 dancing weapons
  10 death yaks
  A deep troll shaman (Vaults:2)
  25 naga sharpshooters
  5 orc high priests (Orc:2)
  A titan zombie (Crypt:2)
  2 tengu warriors
  5 vampire magi
  24 deep elf knights
  A fire crab (shapeshifter) (Vaults:3)
  7 shock serpents
  42 skeletal warriors
  5 shadow wraiths
  4 goliath frogs
  A golden dragon zombie (Crypt:3)
  4 titan skeletons
  5 flayed ghosts
  3 unseen horrors
  An unseen horror (shapeshifter) (Vaults:3)
  12 deep trolls
  17 swamp dragons
  2 spriggan druids
  A golden dragon skeleton (Crypt:3)
  5 naga ritualists
  22 bog bodies
  An anaconda skeleton (Crypt:3)
  14 deep elf archers
  16 orc knights
  3 necromancers
  6 wizards
  12 harpies
  15 ironbrand convokers
  A sphinx zombie (Vaults:1)
  10 phantasmal warriors
  7 cyclopes
  13 ugly things
  14 mana vipers
  9 orc sorcerers
  68 deep elf magi
  5 salamanders
  21 slime creatures
  A manticore (shapeshifter) (D:15)
  An iron dragon skeleton (Crypt:3)
  An oklob plant (Snake:3)
  4 wolf spiders
  17 elephants
  4 manticores
  A will-o-the-wisp (Swamp:1)
  A black mamba (shapeshifter) (Elf:3)
  16 naga magi
  3 stone giant skeletons (Crypt:3)
  An ice statue (IceCv)
  A water nymph (shapeshifter) (Vaults:4)
  Maurice (D:13)
  5 gargoyles
  A guardian serpent (shapeshifter) (Elf:1)
  14 vault sentinels
  Psyche (D:10)
  14 guardian serpents (Snake:4)
  A fire giant skeleton (Crypt:3)
  A titan simulacrum (Crypt:1)
  33 black mambas
  2 dire elephant skeletons (Crypt:3)
  19 rime drakes
  12 cane toads
  11 komodo dragons
  22 yaktaurs
  A small abomination (Vaults:3)
  2 centaur skeletons
  A yaktaur (shapeshifter) (Vaults:1)
  7 ice devils (IceCv)
  6 freezing wraiths
  A yaktaur zombie (Vaults:1)
  A golden dragon simulacrum (IceCv)
  An iron troll zombie (Crypt:1)
  2 efreet
  A yellow draconian skeleton (Crypt:1)
  A tengu conjurer (D:13)
  4 anaconda simulacra (IceCv)
  14 trolls
  A purple draconian skeleton (Crypt:1)
  2 queen bees (shapeshifter)
  3 meliai (Lair:4)
  A hydra skeleton (Crypt:3)
  A harpy zombie (D:15)
  A queen bee (Lair:4)
  A meliai (shapeshifter) (D:15)
  2 hornets (shapeshifter) (Vaults:2)
  9 polar bears
  8 tyrant leeches
  A wolf spider simulacrum (IceCv)
  A jumping spider (shapeshifter) (Vaults:3)
  7 hornets
  30 blink frogs
  A boulder beetle zombie (Crypt:3)
  An ice dragon zombie (Vaults:1)
  19 dream sheep
  A spriggan (shapeshifter) (Vaults:1)
  15 flying skulls (Crypt:2)
  2 air elementals
  2 dire elephant simulacra (IceCv)
  2 tarantellas (shapeshifter)
  An ice dragon skeleton (Crypt:2)
  11 water elementals
  2 alligator skeletons (Crypt:3)
  78 yaks
  6 spriggans
  2 fire dragon skeletons
  A satyr skeleton (Crypt:2)
  12 wraiths
  2 shadows
  10 basilisks
  6 wyverns
  2 hogs (Swamp:3)
  5 fire elementals
  A minotaur simulacrum (Crypt:1)
  14 vampire mosquitoes
  12 steam dragons
  Eustachio (D:4)
  3 black mamba skeletons (Crypt:3)
  A catoblepas simulacrum (Crypt:2)
  4 harpy simulacra
  8 wargs
  A deep troll zombie (Vaults:1)
  4 iron troll simulacra (IceCv)
  21 swamp worms
  5 hydra simulacra (IceCv)
  11 water moccasins
  51 nagas
  A monstrous demonspawn skeleton (Crypt:3)
  5 hell hounds (D:11)
  5 ice beasts
  8 swamp drakes
  2 black bears
  A gelid demonspawn skeleton (Crypt:2)
  53 orc warriors
  2 sky beasts
  A merfolk skeleton (Crypt:3)
  31 ogres
  A phantom (D:5)
  4 eyes of draining
  9 necrophages
  11 wolves
  12 boggarts
  13 centaurs
  14 bullfrogs
  An elf zombie (Crypt:2)
  2 big kobolds
  3 earth elementals
  2 water moccasin zombies
  4 scorpions
  A swamp dragon simulacrum (IceCv)
  40 killer bees
  An orc simulacrum (Vaults:1)
  2 cyclops skeletons
  30 wights
  2 howler monkeys
  2 bullfrog zombies
  A quasit (D:12)
  A basilisk zombie (Crypt:3)
  A gnoll shaman (D:7)
  32 orc priests
  6 hounds
  5 jellies
  2 bullfrog skeletons
  A human skeleton (Crypt:3)
  15 worker ants
  2 iguanas
  49 orc wizards
  10 hell rats
  Natasha (thrice) (D:2)
  A spriggan simulacrum (IceCv)
  6 troll simulacra (IceCv)
  A polar bear simulacrum (IceCv)
  A tengu zombie (Crypt:2)
  3 centaur simulacra (IceCv)
  A big kobold skeleton (Crypt:1)
  An acid dragon skeleton (Crypt:3)
  A dwarf skeleton (Crypt:2)
  A hound zombie (D:5)
  A hound skeleton (D:4)
  7 gnolls
  5 naga simulacra (IceCv)
  3 ogre simulacra (IceCv)
  10 adders
  2 shadow imps
  6 white imps
  5 ufetubi
  3 oozes
  An adder skeleton (D:4)
  A barachi skeleton (Crypt:1)
  3 dart slugs
  9 leopard geckos
  182 orcs
  10 bats
  5 giant cockroaches
  8 hobgoblins
  6 jackals
  17 kobolds
  5 quokkas
  A ball python (D:2)
  6 frilled lizards
  A gnoll skeleton (Crypt:3)
  6 goblins
  A jackal skeleton (Crypt:1)
  A leopard gecko skeleton (D:6)
  2 leopard gecko zombies
  2 quokka skeletons (D:6)
  3 quokka zombies (D:6)
  9 rats
  A rat zombie (Crypt:1)
  3 crawling corpses (Elf:3)
2123 creatures vanquished.

Vanquished Creatures (others)
  A golden dragon (Vaults:5)
  A deep elf blademaster (Elf:3)
  A nagaraja (Snake:4)
  An ironheart preserver (Vaults:2)
  A deep elf annihilator (Vaults:5)
  An alligator (Swamp:3)
  A deep elf knight (Elf:3)
  An unseen horror (D:11)
  A spriggan druid (Swamp:3)
  A naga ritualist (Snake:4)
  A black mamba (Snake:4)
  2 bloated husks
  2 spriggans (Swamp:3)
  2 bushes (Lair:6)
  12 foxfires (Swamp:1)
  44 fungi
  58 plants
131 creatures vanquished.

Grand Total: 2254 creatures vanquished

Notes
Turn   | Place    | Note
-------+----------+-------------------------------------------
     0 | D:1      | Peloso the Minotaur Fighter began the quest for the Orb.
     0 | D:1      | Reached XP level 1. HP: 19/19 MP: 0/0
    40 | D:1      | Reached XP level 2. HP: 27/27 MP: 1/1
   536 | D:1      | Reached XP level 3. HP: 33/33 MP: 2/2
   807 | D:1      | Reached skill level 4 in Shields
  1111 | D:1      | Found a glowing golden altar of the Shining One.
  1194 | D:2      | Noticed Natasha
  1202 | D:2      | Killed Natasha
  1434 | D:2      | Found a burning altar of Makhleb.
  1434 | D:2      | Found a sparkling altar of Nemelex Xobeh.
  1591 | D:2      | Reached XP level 4. HP: 39/40 MP: 3/3
  1643 | D:2      | Reached skill level 1 in Dodging
  1687 | D:2      | Noticed Natasha
  1690 | D:2      | Killed Natasha
  1724 | D:2      | Noticed Natasha
  1736 | D:2      | Killed Natasha
  1737 | D:2      | Reached XP level 5. HP: 27/47 MP: 4/4
  2336 | D:3      | Reached skill level 5 in Shields
  3011 | D:3      | Reached XP level 6. HP: 53/53 MP: 5/5
  3022 | D:3      | You fall into a shaft and drop 1 floor!
  3094 | D:4      | Reached skill level 5 in Long Blades
  3094 | D:4      | Reached skill level 5 in Armour
  3164 | D:4      | Found Kaomiw's Book Emporium.
  3233 | D:4      | Noticed Eustachio
  3245 | D:4      | Killed Eustachio
  3246 | D:4      | Reached skill level 6 in Shields
  3246 | D:4      | Reached XP level 7. HP: 46/60 MP: 6/6
  3370 | D:4      | Found a sacrificial altar of Ru.
  4052 | D:4      | Reached skill level 5 in Fighting
  4774 | D:3      | Found a glowing silver altar of Zin.
  4839 | D:5      | Entered Level 5 of the Dungeon
  4864 | D:5      | Found a hazy altar of Hepliaklqana.
  4930 | D:5      | Found a burning altar of Makhleb.
  5013 | D:5      | Reached skill level 7 in Shields
  5013 | D:5      | Reached XP level 8. HP: 55/68 MP: 7/7
  5103 | D:5      | Found a staircase to the Ecumenical Temple.
  5154 | Temple   | Entered the Ecumenical Temple
  5179 | Temple   | Became a worshipper of Warmaster Okawaru
  5926 | D:6      | Reached * piety under Okawaru
  5928 | D:6      | Noticed a +0 hand axe
  5929 | D:6      | Noticed a +0 hand axe
  5935 | D:6      | Found a hide-covered altar of Uskayaw.
  6162 | D:6      | Reached skill level 8 in Shields
  6246 | D:6      | Got an encrusted ring mail
  6257 | D:6      | Identified the +1 ring mail of Yproumm {rF+++ MR++ Int+4
                  | Dex-4} (You found it on level 6 of the Dungeon)
  6647 | D:6      | Reached XP level 9. HP: 75/75 MP: 8/8
  6650 | D:6      | Found a basalt altar of Yredelemnul.
  6658 | D:6      | Found a shimmering blue altar of Sif Muna.
  7113 | D:7      | Found a snail-covered altar of Cheibriados.
  7379 | D:7      | Reached ** piety under Okawaru
  7380 | D:7      | Reached skill level 9 in Shields
  8402 | D:8      | Reached skill level 10 in Shields
  8517 | D:8      | Reached skill level 1 in Stealth
  8567 | D:8      | Found a staircase to the Lair.
  8567 | D:8      | Noticed a komodo dragon
  8600 | D:8      | Killed a komodo dragon
  8600 | D:8      | Reached *** piety under Okawaru
  8858 | D:9      | Reached skill level 10 in Long Blades
  8864 | D:9      | Reached XP level 10. HP: 83/84 MP: 9/9
  9470 | D:9      | Found a staircase to the Orcish Mines.
  9542 | D:9      | Found Voadib's Antique Armour Shop.
  9869 | D:9      | Reached **** piety under Okawaru
  9879 | D:9      | Reached skill level 11 in Shields
 10149 | D:10     | Entered Level 10 of the Dungeon
 10424 | D:10     | Noticed Psyche
 10435 | D:10     | Killed Psyche
 10555 | D:10     | Found Vuluut's Book Shoppe.
 10639 | D:10     | Noticed a manticore
 10653 | D:10     | Killed a manticore
 10653 | D:10     | Reached ***** piety under Okawaru
 10870 | D:10     | Noticed Erica
 10888 | D:10     | Killed Erica
 11152 | D:10     | Reached XP level 11. HP: 92/92 MP: 10/10
 11290 | D:11     | Killed an unseen horror
 11291 | D:11     | Reached skill level 12 in Shields
 11671 | D:11     | Killed an unseen horror
 11671 | D:11     | Received a gift from Okawaru
 11672 | D:11     | Reached skill level 10 in Armour
 12925 | Lair:1   | Entered Level 1 of the Lair of Beasts
 13158 | Lair:1   | Reached skill level 13 in Shields
 13911 | Lair:2   | Reached XP level 12. HP: 93/103 MP: 11/11
 13998 | Lair:2   | Received a gift from Okawaru
 14015 | Lair:2   | Reached ****** piety under Okawaru
 14031 | Lair:2   | Got an ancient falchion {god gift}
 14032 | Lair:2   | Identified the +1 falchion of Lourojism {speed, rF- rN+
                  | Str+2 SInv} (Okawaru gifted it to you on level 2 of the
                  | Lair of Beasts)
 14325 | Lair:2   | Reached skill level 14 in Shields
 14546 | Lair:2   | Found a staircase to the Swamp.
 14998 | Lair:2   | Reached skill level 10 in Fighting
 15321 | Lair:3   | Noticed a five-headed hydra
 15321 | Lair:3   | Noticed a four-headed hydra
 15326 | Lair:3   | Killed a two-headed hydra
 15333 | Lair:3   | Killed a one-headed hydra
 15387 | Lair:3   | Found a dark tunnel.
 15396 | Lair:3   | Received a gift from Okawaru
 15547 | Volcano  | Entered a volcano
 16581 | Lair:3   | Noticed a seven-headed hydra
 16589 | Lair:3   | Killed a two-headed hydra
 16730 | Lair:3   | Reached XP level 13. HP: 77/114 MP: 12/12
 17330 | Lair:4   | Found a staircase to the Snake Pit.
 17359 | Lair:4   | Received a gift from Okawaru
 17387 | Lair:4   | Noticed Josephine
 17419 | Lair:4   | Killed Josephine
 17420 | Lair:4   | Reached skill level 15 in Shields
 17447 | Lair:4   | Got faintly humming pearl dragon scales {god gift}
 17461 | Lair:4   | Identified the +7 pearl dragon scales of Toteada {rN+ MR-
                  | Int+6 Dex+9 Slay+2} (Okawaru gifted it to you on level 4 of
                  | the Lair of Beasts)
 17511 | Lair:4   | Found a bloodstained altar of Trog.
 17722 | Lair:4   | Reached skill level 15 in Long Blades
 17747 | Lair:4   | Reached skill level 5 in Dodging
 17961 | Lair:4   | Noticed Nessos
 17966 | Lair:4   | Killed Nessos
 18261 | Lair:3   | Received a gift from Okawaru
 18502 | Lair:3   | Got a scorched shortbow {god gift}
 18720 | Lair:4   | Reached skill level 16 in Shields
 18860 | Lair:4   | Reached XP level 14. HP: 122/126 MP: 13/13
 19119 | D:12     | Noticed Azrael
 19229 | D:11     | Killed Azrael
 19678 | D:12     | Found a blossoming altar of Fedhas.
 19976 | D:12     | Received a gift from Okawaru
 19980 | D:12     | Got a faintly humming scale mail {god gift}
 19991 | D:12     | Identified the +1 scale mail "Ysajinn" {-Cast Harm Str+5
                  | Slay+5} (Okawaru gifted it to you on level 12 of the
                  | Dungeon)
 20199 | D:13     | Found Pucw's Magic Scroll Boutique.
 20207 | D:13     | Bought a scroll of identify for 24 gold pieces
 20207 | D:13     | Bought a scroll of identify for 24 gold pieces
 20207 | D:13     | Bought a scroll of fog for 24 gold pieces
 20227 | D:13     | Noticed Maurice
 20230 | D:13     | Killed Maurice
 20822 | D:14     | Found Suideb's Antique Weapon Shop.
 20861 | D:14     | Found a glowing golden altar of the Shining One.
 20903 | D:14     | Noticed Frances
 20907 | D:15     | Entered Level 15 of the Dungeon
 21017 | D:14     | Killed Frances
 21377 | D:14     | Reached skill level 17 in Shields
 21840 | D:14     | Found a gate to the Vaults.
 21840 | D:14     | Noticed an ironheart preserver
 22249 | Orc:1    | Entered Level 1 of the Orcish Mines
 22718 | Orc:2    | Entered Level 2 of the Orcish Mines
 22718 | Orc:2    | Found Micib's Armour Boutique.
 22718 | Orc:2    | Noticed Rupert
 22730 | Orc:1    | Killed Rupert
 22730 | Orc:1    | Received a gift from Okawaru
 23239 | Orc:2    | Noticed Saint Roka
 23987 | Orc:2    | Killed Saint Roka
 23988 | Orc:2    | Reached XP level 15. HP: 137/137 MP: 6/14
 24044 | Orc:2    | Found a staircase to the Elven Halls.
 24107 | Orc:2    | Found Beviu's Weapon Boutique.
 24124 | Orc:2    | Found Wakubuma's General Store.
 24133 | Orc:2    | Bought 2 scrolls of identify for 60 gold pieces
 24209 | Orc:2    | Noticed an orc warlord
 24232 | Orc:2    | Killed an orc warlord
 24246 | Orc:2    | Reached skill level 1 in Invocations
 24346 | Orc:2    | Noticed an orc warlord
 24669 | Orc:2    | Killed an orc warlord
 24669 | Orc:2    | Received a gift from Okawaru
 24670 | Orc:2    | Reached skill level 18 in Shields
 24991 | Orc:2    | Found Layfeess's General Store.
 24992 | Orc:2    | Found Gastev's Jewellery Boutique.
 24994 | Orc:2    | Found Zavogholo's Antique Armour Shop.
 24994 | Orc:2    | Found Xiluum's Antique Weapon Shop.
 25016 | Orc:2    | Bought an ancient long sword for 238 gold pieces
 25017 | Orc:2    | Identified the +9 long sword of the Past {freeze, Str+6
                  | Stlth+} (You bought it in a shop on level 2 of the Orcish
                  | Mines)
 25111 | Orc:2    | Found Imoule Baut's Jewellery Shoppe.
 25176 | Orc:2    | Found a transporter.
 25186 | Orc:2    | Noticed gouglew's ghost (journeyman GrFi)
 25212 | Orc:2    | Found a transporter.
 25756 | Orc:2    | Bought +2 gold dragon scales for 1380 gold pieces
 26192 | D:14     | Received a gift from Okawaru
 26375 | D:13     | Bought a scroll of identify for 24 gold pieces
 26375 | D:13     | Bought a scroll of identify for 24 gold pieces
 26964 | D:15     | Found a staircase to the Depths.
 28196 | Lair:5   | Reached skill level 19 in Shields
 28510 | Lair:6   | Entered Level 6 of the Lair of Beasts
 28511 | Lair:6   | Noticed Snorg
 28532 | Lair:5   | Killed Snorg
 28877 | Lair:6   | Reached XP level 16. HP: 93/147 MP: 16/16
 29000 | Lair:6   | Received a gift from Okawaru
 29385 | Lair:6   | Got a smoking marble ring
 29388 | Lair:6   | Identified the ring "Ypliuc" {rF+ rC+ MP+9 Str+2} (You
                  | found it on level 6 of the Lair of Beasts)
 29450 | Lair:6   | Found a staircase to the Slime Pits.
 29450 | Lair:6   | Found a viscous altar of Jiyva.
 29675 | Lair:6   | Reached skill level 15 in Fighting
 29687 | Lair:6   | Reached skill level 20 in Shields
 29918 | Lair:6   | Identified a scroll of acquirement
 30718 | Swamp:1  | Entered Level 1 of the Swamp
 31029 | Swamp:1  | Noticed Jorgrun
 31073 | Swamp:1  | Killed Jorgrun
 31732 | Swamp:2  | Received a gift from Okawaru
 31874 | Swamp:2  | Noticed a thorn hunter
 31887 | Swamp:2  | Killed a thorn hunter
 32780 | Swamp:2  | Reached skill level 21 in Shields
 32819 | Swamp:3  | Noticed Bai Suzhen
 32822 | Swamp:3  | Noticed Donald
 32839 | Swamp:3  | Killed Bai Suzhen
 32840 | Swamp:3  | Reached XP level 17. HP: 122/156 MP: 17/17
 32854 | Swamp:3  | Killed Donald
 33748 | Swamp:3  | Got a smoking steel ring
 33789 | Swamp:3  | Identified the ring of Aneul {Fire rElec} (You found it on
                  | level 3 of the Swamp)
 33981 | Snake:1  | Entered Level 1 of the Snake Pit
 35804 | Snake:2  | Received a gift from Okawaru
 36300 | Snake:2  | You fall into a shaft and drop 1 floor!
 36312 | Snake:3  | Found Tyosor's Tempting Trifles.
 36338 | Snake:3  | Found a glowing golden altar of the Shining One.
 36370 | Snake:3  | Found a frozen archway.
 36387 | IceCv    | Entered an ice cave
 36688 | IceCv    | Received a gift from Okawaru
 36838 | IceCv    | Noticed an Ice Fiend
 36850 | IceCv    | Reached skill level 15 in Armour
 36864 | IceCv    | Killed an Ice Fiend
 37185 | Snake:3  | Reached skill level 22 in Shields
 37186 | Snake:3  | Noticed Vashnia
 37212 | Snake:3  | Killed Vashnia
 37221 | Snake:3  | Received a gift from Okawaru
 37830 | Snake:3  | Bought a cursed ring of teleportation for 72 gold pieces
 38579 | Snake:2  | Reached XP level 18. HP: 144/168 MP: 6/18
 38589 | Snake:2  | Identified the +4 scale mail of Werikey {Int+2 Slay+2} (You
                  | found it on level 2 of the Snake Pit)
 39802 | Swamp:4  | Entered Level 4 of the Swamp
 40146 | Swamp:4  | Received a gift from Okawaru
 40532 | Swamp:4  | Reached skill level 23 in Shields
 40804 | Swamp:4  | Found the +0 mask of the Dragon {MR+ Slay+3 SInv}
 40823 | Swamp:4  | Noticed Kirke
 41356 | Swamp:3  | Killed Kirke
 41403 | Swamp:4  | Received a gift from Okawaru
 41404 | Swamp:4  | Found a basalt altar of Yredelemnul.
 41608 | Swamp:4  | Noticed the 27-headed Lernaean hydra
 41615 | Swamp:4  | Killed the 23-headed Lernaean hydra
 41625 | Swamp:4  | Got a decaying rune of Zot
 41774 | Swamp:4  | Found a runed translucent door.
 41776 | Swamp:4  | Noticed Peloso's ghost (adept MiFi)
 41807 | Swamp:4  | Killed Peloso's ghost
 41811 | Swamp:4  | Identified the +6 spear of Uletasuh {freeze, +Inv Dex+4}
                  | (You found it on level 4 of the Swamp)
 43142 | Elf:1    | Entered Level 1 of the Elven Halls
 43166 | Elf:1    | Reached skill level 1 in Evocations
 43217 | Elf:1    | Found a radiant altar of Vehumet.
 43319 | Elf:1    | Received a gift from Okawaru
 43322 | Elf:1    | Identified the +9 scale mail of Hedonism {Harm Dex+2}
                  | (Okawaru gifted it to you on level 1 of the Elven Halls)
 43393 | Elf:1    | Found Atitus's Magic Scroll Shoppe.
 43399 | Elf:1    | Bought a scroll of acquirement for 520 gold pieces
 43399 | Elf:1    | Bought a scroll of silence for 75 gold pieces
 43399 | Elf:1    | Bought a scroll of immolation for 35 gold pieces
 43399 | Elf:1    | Bought a scroll of immolation for 35 gold pieces
 43399 | Elf:1    | Bought a scroll of enchant armour for 75 gold pieces
 43762 | Elf:1    | Identified the Reference Book on Unstable Feathers
 43962 | Elf:1    | Identified the +1 flail of Pestilence {pain, Str+6} (You
                  | found it on level 1 of the Elven Halls)
 44130 | Elf:1    | Reached XP level 19. HP: 157/177 MP: 19/19
 44233 | Elf:2    | Found Yrurph's Jewellery Boutique.
 44604 | Elf:2    | Found a runed translucent door.
 44947 | Elf:2    | Found a runed translucent door.
 45038 | Elf:3    | Entered Level 3 of the Elven Halls
 45105 | Elf:3    | Found Mihotz's Antique Armour Shop.
 45111 | Elf:3    | Reached skill level 24 in Shields
 45154 | Elf:3    | Bought a garnet-encrusted chain mail for 399 gold pieces
 45164 | Elf:3    | Identified the +2 chain mail "Vokureq" {rElec} (You bought
                  | it in a shop on level 3 of the Elven Halls)
 45483 | Elf:3    | Noticed Mara
 45495 | Elf:3    | Killed Mara
 45495 | Elf:3    | Received a gift from Okawaru
 46190 | Elf:3    | Identified the +3 scythe "Efuf Wuh" {protect, *Drain rN+
                  | Int+5 Stlth+}
 46190 | Elf:3    | Identified the amulet of Nukhluif {Spirit rN+}
 46238 | Elf:3    | Identified the ring "Wuowitaz" {rElec rN+ EV+4}
 46426 | Elf:3    | Noticed a Brimstone Fiend
 46554 | Elf:3    | Identified the ring of the Past {Wiz rC- rN++ Dex+3 SInv}
 47105 | Elf:3    | Noticed a Brimstone Fiend
 47410 | Elf:3    | Received a gift from Okawaru
 47814 | Elf:3    | Found the +0 staff of Battle
 47844 | Elf:3    | Identified Ydosir's Guide on Shifting Feathers
 47886 | Elf:3    | Identified Fueser's Compendium of Snow and Hexes
 48163 | Elf:2    | Reached skill level 25 in Shields
 48181 | Elf:2    | Reached XP level 20. HP: 185/189 MP: 20/20
 48960 | Snake:4  | Entered Level 4 of the Snake Pit
 49323 | Snake:4  | Received a gift from Okawaru
 49329 | Snake:4  | Got a faintly glowing double sword {god gift}
 49330 | Snake:4  | Identified the +8 double sword of Karma {vamp, Str+6}
                  | (Okawaru gifted it to you on level 4 of the Snake Pit)
 49396 | Snake:4  | Found a runed translucent door.
 49482 | Snake:4  | Found Lyl Uvom's Antique Armour Boutique.
 49497 | Snake:4  | Bought a faintly humming kite shield for 351 gold pieces
 49503 | Snake:4  | Identified the cursed +0 kite shield "Udus Vihi" {+Inv
                  | Str+3 Dex-3} (You bought it in a shop on level 4 of the
                  | Snake Pit)
 50368 | Snake:4  | Received a gift from Okawaru
 50461 | Snake:4  | Reached skill level 26 in Shields
 50476 | Snake:4  | Got a serpentine rune of Zot
 51581 | Vaults:1 | Entered Level 1 of the Vaults
 51584 | Vaults:1 | You fall into a shaft and drop 1 floor!
 51587 | Vaults:2 | Found Teguenem's Distillery.
 51662 | Vaults:2 | Bought a potion of magic for 144 gold pieces
 51662 | Vaults:2 | Bought a potion of might for 72 gold pieces
 51662 | Vaults:2 | Bought a potion of berserk rage for 90 gold pieces
 51968 | Vaults:2 | Reached XP level 21. HP: 198/198 MP: 21/21
 53200 | Vaults:3 | Received a gift from Okawaru
 53566 | Vaults:3 | Found a staircase to the Crypt.
 53841 | Vaults:3 | Reached skill level 27 in Shields
 54767 | Vaults:1 | Received a gift from Okawaru
 55056 | Vaults:1 | Found a shimmering blue altar of Sif Muna.
 55099 | Vaults:1 | Reached XP level 22. HP: 211/211 MP: 22/22
 56208 | Vaults:4 | Received a gift from Okawaru
 56716 | Vaults:4 | Received a gift from Okawaru
 56734 | Vaults:4 | Identified the +4 broad axe of Medac {venom, MP+9 Dex+4}
                  | (You found it on level 4 of the Vaults)
 56791 | Vaults:5 | Entered Level 5 of the Vaults
 56792 | Vaults:5 | Noticed a golden dragon
 56914 | Crypt:1  | Entered Level 1 of the Crypt
 57382 | Crypt:1  | Received a gift from Okawaru
 57555 | Crypt:1  | Noticed Sojobo
 57573 | Crypt:1  | Killed Sojobo
 58004 | Crypt:2  | Reached XP level 23. HP: 206/224 MP: 23/23
 58046 | Crypt:2  | Noticed Jory
 58057 | Crypt:2  | Killed Jory
 58057 | Crypt:2  | Received a gift from Okawaru
 58993 | Crypt:2  | Found the +3 giant club "Skullcrusher" {speed, Str+7}
 59279 | Crypt:3  | Entered Level 3 of the Crypt
 59541 | Crypt:3  | Found a staircase to the Tomb.
 59703 | Crypt:3  | Received a gift from Okawaru
 60177 | Crypt:3  | Received a gift from Okawaru
 60180 | Crypt:3  | Noticed a curse toe
 60189 | Crypt:3  | Killed a curse toe
 60774 | Crypt:3  | Noticed an ancient lich
 60775 | Crypt:3  | Killed an ancient lich
 60789 | Crypt:3  | Identified Mais's Almanac of the Compass
 60803 | Crypt:3  | Identified the Catalogue of the Mountains
 60822 | Crypt:3  | Identified the +4 quarterstaff of Beastly Subterfuge
                  | {protect, Int+2} (You found it on level 3 of the Crypt)
 62110 | Vaults:5 | Received a gift from Okawaru
 62121 | Vaults:4 | HP: 4/229 [acid[an ironheart preserver] (13)]
 62123 | Vaults:4 | Killed from afar by a deep elf sorcerer

Illustrated notes

Levels and vault maps discovered:
D:1:      dpeg_arrival_ternary, layout_basic, tso_altar
D:2:      layout_loops_corners, chequers_temple_overflow_statue_of_worship,
          uniq_natasha
D:3:      layout_basic, general_overflow_altar
D:4:      layout_loops_ring, marbit_many_paths, serial_shops, shop,
          nrook_mini_backslash, sigmund_army, uniq_eustachio
D:5:      layout_cave_pods, lemuel_round_altar, minmay_temple_entry_ruins,
          basic_altar
D:6:      minmay_chambers_of_sixes, layout_cave_pools,
          grunt_temple_overflow_open, dancing_weapons_uskayaw,
          serial_column_ruins, column_ruins_square_large,
          column_ruins_open_small, column_ruins_columns_straight,
          column_ruins_columns_plus
D:7:      layout_basic, nicolae_overflow_crystal_walls, serial_corexii_hall,
          corexii_hall_statues_l, chequers_hall_statues_corner_a
D:8:      layout_gridville, david_lair_shrubbed
D:9:      minmay_blocky_corners, layout_irregular_city, hiddenorc2_lemuel,
          serial_shops, shop
D:10:     layout_irregular_city, serial_shops,
          nicolae_shop_temple_entry_statues_fountains, uniq_erica, uniq_psyche
D:11:     layout_irregular_city
D:12:     layout_basic, fedhas_altar_3, uniq_azrael
D:13:     layout_small_grid, serial_shops, shop, uniq_maurice
D:14:     layout_basic, skrybe_vaults_entry_preservation, serial_shops,
          nicolae_shop_crystal, basic_altar, uniq_frances
D:15:     grunt_enter_depths_snipers, layout_loops_ring,
          ebering_dispersal_statue_hall, amethyst_killhole
Temple:   cyrus_circular_temple
Lair:1:   layout_gridlike, cheibrodos_lair_caveside_slide, st_stairs_5,
          chequers_serial_rivers_marsh
Lair:2:   layout_cave_pods, swamp_mist, chequers_serial_rivers_small_b,
          bobbens_dragon_lair_wall
Lair:3:   layout_hall_layers, nicolae_volcano_entry_lava_flow,
          cheibrodos_lair_lostbears
Lair:4:   regret_index_tunnel_blossom, layout_long_grid,
          minmay_snake_entry_guardpost_small, special_room
          [special_room_mythical_zoo], basic_altar, mumra_transporter_accident,
          roderic_carrion_pond, uniq_nessos, uniq_josephine
Lair:5:   layout_regular_city, grunt_megastairs_1, serial_bayou_shore_a,
          serial_bayou_shore_b
Lair:6:   evilmike_catoblepas_cave, layout_hall_layers, slime_altar_1,
          grunt_megastairs_2, uniq_snorg
Swamp:1:  layout_falls_marsh, evilmike_swamp_ruin_rubble_2, uniq_jorgrun
Swamp:2:  layout_basic_swamp, evilmike_swamp_ruin_house_5, swamp_pool2,
          hangedman_swamp_cone
Swamp:3:  layout_basic_swamp, evilmike_swamp_ruin_rubble_1, swamp_pool1,
          lightli_tree_ring, uniq_donald, uniq_bai_suzhen
Swamp:4:  grunt_swamp_rune_castle, layout_basic_swamp, gammafunk_ghost_grave,
          swamp_pool1, grunt_ruined_hall, uniq_kirke
Snake:1:  layout_layer_cave
Snake:2:  layout_chambers, serial_bayou_shore_b
Snake:3:  layout_misc_corridors, portal_ice_cave_entry_dragon,
          nicolae_alphabet_shops, lemuel_oklob_altar, lemuel_fruit_tree,
          grunt_megastairs_4, uniq_vashnia
Snake:4:  grunt_snake_rune_serpentine_throne, layout_cave_pods, serial_shops,
          nicolae_shop_behind_doors, lightli_airlock
Orc:1:    layout_diamond_mine
Orc:2:    st_orc_congregation, layout_caves, gammafunk_ghost_stat_death,
          serial_shops, nicolae_shop_trees, nicolae_shop_behind_doors,
          nicolae_shop_crystal, nicolae_shop_temple_entry_statues_fountains,
          elf_legates, uniq_rupert, uniq_saint_roka
Elf:1:    eino_elf_arrival_altar, layout_geoelf_octagon, serial_shops,
          nicolae_shop_trees, hangedman_elven_crosses_minicolossus, drop_trap
Elf:2:    layout_gridlike, serial_shops, shop_fountains
Elf:3:    elf_hall, layout_loops_cross, serial_shops,
          nicolae_shop_overgrown_old_shop, serial_sigils,
          serial_sigils_hangedman_stare, serial_sigils_hangedman_clutch,
          serial_sigils_hangedman_scar, serial_sigils_hangedman_leer, uniq_mara
Vaults:1: ontoclasm_vaults_ligature, v_pattern_3, nicolae_vaults_big_ls,
          ontoclasm_vaults_ring_square, ontoclasm_vaults_spin,
          hangedman_vaults_hat, nicolae_vaults_circle_grid_a, vaults_room_boxed,
          vaults_room_grunt_arrival_ludios, nicolae_vaults_little_squares_4,
          layout_vaults_ring, basic_altar, serial_glass
Vaults:2: nicolae_vaults_network_barrier, vaults_room_hallway,
          nicolae_vaults_back_hallway, v_misc_8, ontoclasm_vaults_idyll,
          vaults_room_hallway, ontoclasm_vaults_fault, ontoclasm_vaults_twist,
          nicolae_vaults_ring_of_whatevers, hangedman_vaults_slice,
          layout_vaults_chaotic_city, serial_shops, nicolae_shop_behind_doors
Vaults:3: nicolae_vaults_holding_cells, hangedman_vaults_corner,
          minmay_crypt_entry_simple_sparse, nicolae_vaults_disjoint_gnomons,
          nicolae_vaults_little_squares_1, nicolae_vaults_theta,
          hangedman_vaults_restitches, ontoclasm_vaults_loading_screen,
          nicolae_vaults_little_ls, vaults_room_fours,
          nicolae_vaults_little_squares_5, hangedman_vaults_unwind,
          layout_vaults_omnibox
Vaults:4: nicolae_vaults_windows_and_doors_thing, nicolae_vaults_specimen_jars,
          nicolae_vaults_border_crossing, v_misc_17,
          vaults_room_hangedman_quadrants, grunt_vaults_twisty,
          hangedman_vaults_slice, nicolae_vaults_hallways_thing,
          vaults_room_pools, v_pattern_5, nicolae_vaults_asterisk,
          layout_vaults_omnicross
Vaults:5
Crypt:1:  layout_chaotic_city, uniq_sojobo
Crypt:2:  layout_misc_corridors, minmay_guarded_unrand_skullcrusher,
          grunt_megastairs_5, uniq_jory
Crypt:3:  due_elkab, layout_chaotic_city, nicolae_tomb_entry_rubble_hallway

Skill      XL: |  1  2  3  4  5  6  7  8  9 10 11 12 13 14 15 16 17 18 19 20 21 22 23 |
---------------+----------------------------------------------------------------------+-----
Armour         | 4 5 6 7 8 9 11 12 13 14 15 16 17 18 19 | 19.4
Long Blades    | 3 4 5 6 8 10 12 13 14 15 16 17 18 19 20 21 22 24 | 24.1
Fighting       | 4 5 6 7 8 10 12 13 14 15 16 17 18 19 20 22 23 | 23.9
Shields        | 4 5 6 7 8 10 11 13 14 16 17 19 21 22 23 25 26 27 | 27.0
Dodging        | 1 2 3 5 7 8 |  8.0
Stealth        | 1 2 3 |  3.0
Invocations    | 1 2 |  2.2
Evocations     | 1 |  1.3

Action                   |  1- 3 |  4- 6 |  7- 9 | 10-12 | 13-15 | 16-18 | 19-21 | 22-24 || total
-------------------------+-------+-------+-------+-------+-------+-------+-------+-------++-------
Melee: Long sword        |    91 |   170 |   443 |   271 |   117 |    57 |       |       ||  1149
       Headbutt          |    11 |    26 |    96 |   150 |   373 |   417 |   445 |   312 ||  1830
       Scimitar          |       |       |    49 |   419 |  1082 |   980 |       |       ||  2530
       Unarmed           |       |       |       |       |     1 |       |       |       ||     1
       Double sword      |       |       |       |       |       |   495 |  1384 |   984 ||  2863
Invok: Heroism           |       |       |       |       |     5 |     3 |     3 |     1 ||    12
       Finesse           |       |       |       |       |     1 |       |     1 |       ||     2
Evoke: Wand              |       |       |       |       |     9 |     6 |       |       ||    15
  Use: Potion            |     3 |     2 |     2 |     2 |     2 |     2 |       |     5 ||    18
       Scroll            |       |     3 |     4 |     3 |    14 |    16 |     6 |    12 ||    58
 Stab: Distracted        |       |       |       |       |     1 |     1 |       |       ||     2
       Confused          |       |       |       |       |       |     2 |       |       ||     2
Armor: Scale mail        |    43 |    40 |       |       |       |       |       |       ||    83
       Chain mail        |       |    39 |       |   105 |       |       |       |       ||   144
       Plate armour      |       |       |   263 |   166 |       |       |       |       ||   429
       Ring mail         |       |       |       |    12 |    36 |       |       |       ||    48
       Pearl dragon scal |       |       |       |       |   226 |       |       |       ||   226
       Gold dragon scale |       |       |       |       |   120 |   519 |   433 |   244 ||  1316
Dodge: Dodged            |    32 |    48 |   128 |   139 |   310 |   214 |   223 |   153 ||  1247
       Repelled          |       |       |       |       |       |     3 |       |       ||     3
Block: Kite shield       |    57 |   112 |   355 |   540 |   544 |       |       |       ||  1608
       Reflection        |       |       |     3 |    22 |    44 |   125 |   234 |    36 ||   464
       Tower shield      |       |       |       |       |   639 |  2047 |  1955 |  1211 ||  5852
       Rpst.: Long sword |     6 |    15 |    38 |     4 |     2 |     2 |       |       ||    67
       Scimitar          |       |       |     3 |    24 |    68 |    23 |       |       ||   118
       Double sword      |       |       |       |       |       |     9 |    37 |    31 ||    77

Table legend: (Time is in decaauts)
 A = Elapsed time spent in this place.
 B = Non-inter-level travel time spent in this place.
 C = Inter-level travel time spent in this place.
 D = Time resting spent in this place.
 E = Time spent auto-exploring this place.
 F = Levels seen in this place.
 G = Mean time per level.
                   A        B        C        D        E       F      G
               +--------+--------+--------+--------+--------+-----+--------+
         Total |  61110 |  55413 |   5697 |   7572 |  33112 |  45 | 1358.0 |
       Dungeon |  19363 |  17075 |   2288 |    792 |  11613 |  15 | 1290.9 |
        Temple |     40 |     40 |      0 |      0 |      0 |   1 |   40.0 |
          Lair |   9659 |   8238 |   1421 |    870 |   5504 |   6 | 1609.8 |
         Swamp |   5605 |   5423 |    182 |   1549 |   2514 |   4 | 1401.2 |
     Snake Pit |   6573 |   5999 |    574 |    430 |   4279 |   4 | 1643.2 |
  Orcish Mines |   3634 |   3407 |    227 |   1297 |   1136 |   2 | 1817.0 |
   Elven Halls |   5306 |   5119 |    187 |   1074 |   2473 |   3 | 1768.7 |
        Vaults |   5610 |   5090 |    520 |    545 |   3081 |   5 | 1122.0 |
         Crypt |   4267 |   3971 |    296 |   1015 |   1846 |   3 | 1422.3 |
      Ice Cave |    693 |    693 |      0 |      0 |    364 |   1 |  693.0 |
       Volcano |    356 |    356 |      0 |      0 |    301 |   1 |  356.0 |
               +--------+--------+--------+--------+--------+-----+--------+

Top non-repeatable levels by time:
   Elf:3: 2714 daAuts
 Snake:4: 2041 daAuts
   Orc:1: 2027 daAuts
  Lair:3: 1996 daAuts
 Snake:2: 1957 daAuts
    D:11: 1910 daAuts
  Lair:2: 1855 daAuts
  Lair:6: 1818 daAuts
    D:10: 1699 daAuts
 Swamp:2: 1684 daAuts
 Crypt:3: 1675 daAuts
  Lair:4: 1659 daAuts
   Orc:2: 1607 daAuts
    D:13: 1604 daAuts
     D:9: 1592 daAuts
